 Seeded DCSS version 0.29-a0-338-g1ff7896281 (webtiles) character file.

Game seed: 8323935436952221711 (custom seed)

294171 zeratav the Stormcaller (level 20, -2/148 HPs)
             Began as an Octopode Transmuter on Apr 18, 2022.
             Was a Priest of Ashenzari.
             Slain by a +4 antimagic halberd (20 damage)
             ... on level 3 of the Elven Halls on Apr 19, 2022.
             The game lasted 03:09:27 (58368 turns).

zeratav the Stormcaller (Octopode Transmuter)      Turns: 58368, Time: 03:09:27

Health: -2/148     AC: 25    Str:  9    XL:     20   Next: 85%
Magic:  12/34      EV: 29    Int: 24    God:    Ashenzari [***...]
Gold:   2673       SH:  5    Dex: 19    Spells: 4/39 levels left

rFire   + . .      SeeInvis +     - Unarmed
rCold   + + .      Faith    .   (shield currently unavailable)
rNeg    + + .      Spirit   .   (helmet currently unavailable)
rPois   ∞          Reflect  +   h - amulet "Share My Irritation" {Reflect SH+5, Self, Elem} (curse)
rElec   +          Harm     .   c - ring of the Fated Oracle {AC+4, Cun, Evo} (curse)
rCorr   .          Rampage  .   n - +4 ring of slaying
Will    ++...      Clarity  +   r - ring "Elysian Augurer" {AC+4, Self, Cun} (curse)
Stlth   ++++++....              j - ring "Gnostic Gnosis" {Int+6, Self, Cun} (curse)
HPRegen 0.34/turn               f - ring "Share My Yoke" {Slay+4, Cun, Melee} (curse)
MPRegen 0.24/turn               O - ring of the Lashed Pleiades {rElec rF+ rC+ rN++, Alch, Elem} (curse)
                                P - +4 ring of protection
                                Q - ring of Noddyapt {rC+ Will+}

@: storm-form, corroded, flying
A: cleaving, flying, almost no armour, amphibious, 8 rings, (camouflage 1),
(gelatinous body 1), (nimble swimmer 1), (tentacles), mutation resistance 1
}: 2/15 runes: barnacled, gossamer
a: Blinkbolt, End Transformation, Renounce Religion, Curse Item, Shatter the
Chains


You were on level 3 of the Elven Halls.
You worshipped Ashenzari.
Ashenzari was most pleased with you.
You were a lightning-filled tempest!
You visited 9 branches of the dungeon, and saw 38 of its levels.
You also visited: Bailey, Ice Cave and Volcano.

You collected 5382 gold pieces.
You spent 2709 gold pieces at shops.


Innate Abilities, Weirdness & Mutations

You are a lightning-filled tempest!
Your electrical attacks strike out in all directions at once.
You are incredibly evasive.
You are flying.
You are immune to poison.
Your armour is entirely melded.
You are incapable of wielding weapons or throwing items.
You cannot wear most types of armour.
You are amphibious.
You can wear up to eight rings at the same time.
((Your skin changes colour to match your surroundings (Stealth+).))
((Your rubbery body absorbs attacks. (AC +1, EV +1)))
((You are camouflaged when in or above water. (Stealth+)))
((You have tentacles for arms and can constrict up to eight enemies at once.))
You are somewhat resistant to further mutation.


   Skills:
 + Level 13.0(16.2) Fighting
 + Level 10.4(14.3) Dodging
 - Level 9.4(13.4) Stealth
 - Level 10.0 Shields
 - Level 12.4(13.9) Unarmed Combat
 - Level 6.7(10.0) Spellcasting
 - Level 15.0 Translocations
 - Level 13.8(15.3) Transmutations
 - Level 7.7(10.2) Ice Magic
 * Level 15.8(18.1) Air Magic
 - Level 12.6(15.0) Earth Magic


You had 4 spell levels left.
You knew the following spells:

 Your Spells              Type           Power      Damage    Failure   Level
a - Storm Form            Tmut/Air       37%        N/A       4%          7
b - Passwall              Tmut/Erth      59%        N/A       0%          2
c - Manifold Assault      Tloc           71%        N/A       1%          5
d - Frozen Ramparts       Ice            100%       1d12      1%          3
e - Swiftness             Air            78%        N/A       0%          3
f - Ice Form              Ice/Tmut       65%        N/A       1%          4
g - Statue Form           Tmut/Erth      47%        N/A       1%          6
h - Lee's Rapid Deconstr  Erth           35%        3d19*     1%          5

Your spell library contained the following spells:

 Spells                   Type           Power      Damage    Failure   Level
 Apportation              Tloc           100%       N/A       0%          1
 Beastly Appendage        Tmut           100%       N/A       0%          1
 Sandblast                Erth           100%       2d20      0%          1
 Blink                    Tloc           100%       N/A       0%          2
 Wereblood                Tmut           72%        N/A       0%          2
 Shock                    Conj/Air       100%       1d9       1%          1
 Ensorcelled Hibernation  Hex/Ice        72%        N/A       1%          2
 Gell's Gravitas          Tloc           71%        N/A       1%          3
 Ignite Poison            Fire/Tmut/Pois 37%        N/A       1%          3
 Lesser Beckoning         Tloc           71%        N/A       1%          3
 Mephitic Cloud           Conj/Pois/Air  41%        N/A       1%          3
 Spider Form              Tmut/Pois      49%        N/A       1%          3
 Stone Arrow              Conj/Erth      96%        3d13      1%          3
 Teleport Other           Tloc           71%        N/A       1%          3
 Airstrike                Air            39%        N/A       1%          4
 Petrify                  Tmut/Erth      71%        N/A       1%          4
 Leda's Liquefaction      Hex/Erth       24%        N/A       2%          4
 Magic Dart               Conj           48%        1d5       5%          1
 Summon Small Mammal      Summ           48%        N/A       5%          1
 Summon Ice Beast         Ice/Summ       36%        N/A       6%          4
 Call Imp                 Summ           12%        N/A       8%          2
 Sublimation of Blood     Necr           12%        N/A       8%          2
 Call Canine Familiar     Summ           12%        N/A       16%         3
 Summon Guardian Golem    Hex/Summ       12%        N/A       16%         3
 Freezing Cloud           Conj/Ice/Air   27%        6-21      3%          5
 Alistair's Intoxication  Tmut/Pois      32%        N/A       6%          5
 Irradiate                Conj/Tmut      24%        3d21      6%          5
 Summon Forest            Summ/Tloc      24%        N/A       7%          5
 Conjure Ball Lightning   Conj/Air       26%        3x3d7     21%         6
 Eringya's Noxious Bog    Tmut/Pois      24%        N/A       32%         6
 Iron Shot                Conj/Erth      24%        9d5       36%         6
 Summon Mana Viper        Hex/Summ       12%        N/A       82%         5
 Malign Gateway           Summ/Tloc      24%        N/A       90%         7
 Summon Cactus Giant      Summ           6%         N/A       100%        6
 Summon Hydra             Summ           6%         N/A       100%        7
 Lehudib's Crystal Spear  Conj/Erth      24%        10d7      100%        8
 Animate Armour           Summ/Erth      Unusable   N/A       N/A         4

Inventory:

Hand Weapons
 A - a +2 executioner's axe of pain {axerare=g}
   (You subdued it on level 2 of the Elven Halls)
Armour
 u - a +1 buckler (melded)
   (You took it off an orc on level 3 of the Dungeon)
 C - a +0 kite shield of fire resistance
   (You found it in a volcano)
 R - a +2 buckler
   (You took it off a deep elf knight on level 2 of the Elven Halls)
 W - a +0 hat (melded)
   (You found it on level 5 of the Lair of Beasts)
Jewellery
 c - the cursed ring of the Fated Oracle (left fist) {AC+4, Cun, Evo}
   (You found it on level 1 of the Dungeon)

   [ring of protection]

   AC:        It affects your AC (+4).
   It has a curse which improves the following skills: Cunning: Dodging and
   Stealth.
   Evocations: Evocations.
 f - the cursed ring "Share My Yoke" (on tentacle) {Slay+4, Cun, Melee}
   (You bought it in a shop on level 9 of the Dungeon)

   [ring of slaying]

   Slay:      It affects your accuracy & damage with ranged weapons and melee
   (+4).
   It has a curse which improves the following skills: Cunning: Dodging and
   Stealth.
   Melee Combat: Short Blades, Long Blades, Axes, Maces & Flails, Polearms,
   Staves and Unarmed Combat.
 h - the cursed amulet "Share My Irritation" (around neck) {Reflect SH+5, Self, Elem}
   (You bought it in a shop on level 9 of the Dungeon)

   [amulet of reflection]

   It reflects blocked missile attacks.
   SH:        It affects your SH (+5).
   It has a curse which improves the following skills: Introspection: Fighting
   and Spellcasting.
   Elements:  Fire Magic, Ice Magic, Air Magic and Earth Magic.
 j - the cursed ring "Gnostic Gnosis" (on tentacle) {Int+6, Self, Cun}
   (You found it on level 7 of the Dungeon)

   [ring of intelligence]

   Int:       It affects your intelligence (+6).
   It has a curse which improves the following skills: Introspection: Fighting
   and Spellcasting.
   Cunning:   Dodging and Stealth.
 n - a +4 ring of slaying (right fist)
   (You found it on level 2 of the Dungeon)
 p - a ring of positive energy
   (You found it on level 1 of the Spider Nest)
 r - the cursed ring "Elysian Augurer" (on tentacle) {AC+4, Self, Cun}
   (You found it on level 3 of the Dungeon)

   [ring of protection]

   AC:        It affects your AC (+4).
   It has a curse which improves the following skills: Introspection: Fighting
   and Spellcasting.
   Cunning:   Dodging and Stealth.
 E - a ring of wizardry
   (You found it on level 1 of the Spider Nest)
 O - the cursed ring of the Lashed Pleiades (on tentacle) {rElec rF+ rC+ rN++, Alch, Elem}
   (You bought it in a shop on level 10 of the Dungeon)

   [ring of protection from fire]

   rF:        It protects you from fire.
   rC:        It protects you from cold.
   rElec:     It insulates you from electricity.
   rN:        It greatly protects you from negative energy.
   It has a curse which improves the following skills: Alchemy: Poison Magic and
   Transmutations.
   Elements:  Fire Magic, Ice Magic, Air Magic and Earth Magic.
 P - a +4 ring of protection (on tentacle)
   (You found it on level 14 of the Dungeon)
 Q - the ring of Noddyapt (on tentacle) {rC+ Will+}
   (You found it on level 3 of the Shoals)

   [ring of protection from cold]

   rC:        It protects you from cold.
   Will:      It increases your willpower.
 Z - the ring of Lufraxkaq {Fly rPois Dex+6}
   (You took it off a vault guard on level 14 of the Dungeon)

   [ring of flight]

   Dex:       It affects your dexterity (+6).
   rPois:     It protects you from poison.
   Fly:       It grants you flight.
Wands
 k - a wand of paralysis (17)
   (You found it on level 7 of the Dungeon)
 v - a wand of mindburst (35)
   (You took it off Psyche on level 8 of the Dungeon)
 z - a wand of acid (18)
   (You found it on level 13 of the Dungeon)
 B - a wand of iceblast (22)
   (You found it on level 6 of the Dungeon)
 U - a wand of digging (8)
   (You found it on level 3 of the Shoals)
Scrolls
 e - 13 scrolls of teleportation {@r4}
 o - 7 scrolls of enchant armour
 q - 8 scrolls of fear
 t - 3 scrolls of holy word
 x - 3 scrolls of enchant weapon
 y - 5 scrolls of magic mapping {!r}
 G - 7 scrolls of blinking {!r}
 I - a scroll of summoning
 J - 7 scrolls of amnesia
 K - 2 scrolls of identify {@r1}
 N - 3 scrolls of silence {!r}
 S - 5 scrolls of fog
 V - a scroll of brand weapon
Potions
 a - 3 potions of heal wounds {@q2}
 b - 2 potions of invisibility
 d - 5 potions of resistance
 g - 3 potions of magic
 i - a potion of cancellation
 l - 16 potions of curing {@q1}
 s - 2 potions of attraction {!q}
 w - 3 potions of haste {@q3}
 D - 5 potions of ambrosia
 F - 6 potions of brilliance
 H - a potion of lignification {!q}
 L - 5 potions of flight
 M - 4 potions of mutation {!q}
 T - a potion of might
 Y - 5 potions of berserk rage {!q}
Miscellaneous
 m - a phantom mirror (inert)
   (You found it on level 9 of the Dungeon)
 X - a phial of floods
   (You found it on level 4 of the Shoals)

Dungeon Overview and Level Annotations

Branches:
Dungeon (15/15)            Temple (1/1) D:7            Lair (6/6) D:11
 Shoals (4/4) Lair:3       Spider (4/4) Lair:3        Slime (2/5) Lair:6
    Orc (2/2) D:9             Elf (3/3) Orc:2        Vaults (1/5) D:14
 Depths (0/4) D:15         Bailey (visited)           IceCv (visited)
Volcano (visited)

Altars:
Ashenzari
Cheibriados
Dithmenos
Elyvilon
Fedhas
Gozag
Hepliaklqana
Kikubaaqudgha
Makhleb
Nemelex Xobeh
Okawaru
Qazlal
Ru
Sif Muna
Trog
Uskayaw
Vehumet
Wu Jian
Xom
Yredelemnul
Zin
The Shining One
Beogh
Jiyva

Shops:
D:9 =   D:10 =   D:13 [   Orc:1 ?   Orc:2 ?(:   Elf:2 (

Annotations:
D:11 1 transporter, fabreeze's ghost, journeyman OgAE
D:15 !Banisher, Louise

#.........).).....#
#
#...............###
# ##...........#.##
##.............###
# ##.......##.....#
#
#.########.....###
#.# #......#. #E#
##....... ##v##
##...... #E1E#*
####### #.E(.#
#.E°E# #.Ee##
###..# * * *#°.#* *
* ** ∆*#)e# ∆ *, ,
∆∆#°)#∆∆, ,


You could see an Executioner (summoned, fast), a ghostly deep elf sorcerer
(fast), a deep elf knight (summoned, fast, invisible), 5 earth elementals, 2
fire elementals and a +4 antimagic halberd.


Message History

The deep elf annihilator blinks!
You block the +4 antimagic halberd's attack.
You hear a shout! x2
HP[-6] MP[+1]
You take 6 damage, and now have 87/147 hp.
A deep elf annihilator comes into view. It is wielding a +0 great sword.
The deep elf sorcerer points at you and mumbles some strange words.
You easily resist.
The +4 antimagic halberd hits you!
You feel your power leaking away.
The ghostly deep elf demonologist mumbles some strange words.
The deep elf demonologist casts a spell.
The deep elf annihilator mumbles some strange words.
The deep elf annihilator blinks!
The deep elf sorcerer misses you.
Items here: $ )))) = ? [[ ÷ †.
HP[-8] MP[-6]
You take 8 damage, and now have 79/147 hp.
You lost 6 mp, and now have 10/34 mp.
You buffet the deep elf sorcerer!
Lightning courses through the deep elf sorcerer!!
You hit the +4 antimagic halberd but do no damage.
The +4 antimagic halberd closely misses you.
The deep elf demonologist mumbles some strange words.
The deep elf demonologist casts a spell.
The ghostly deep elf demonologist gestures wildly while chanting.
The deep elf annihilator mumbles some strange words.
The deep elf annihilator blinks!
A deep elf annihilator comes into view.
It is wielding the +9 war axe of Denoirom {vorpal, Dex+6}.
The deep elf knight gestures at you while chanting.
The shard of ice hits you! You partially resist.
* * * LOW HITPOINT WARNING * * *
The deep elf elementalist mumbles some strange words.
The deep elf elementalist seems to speed up.
HP[-16]
You take 16 damage, and now have 63/147 hp.
You batter the deep elf sorcerer!!
You kill the deep elf sorcerer!
You batter the +4 antimagic halberd!!
The +4 antimagic halberd hits you but does no damage.
The ghostly deep elf sorcerer mumbles some strange words.
The ghostly deep elf sorcerer seems to speed up.
The deep elf knight gestures at you while chanting.
The lance of force hits you!!
* * * LOW HITPOINT WARNING * * *
You are knocked back by the lance of force.
The deep elf annihilator mumbles some strange words.
The deep elf annihilator blinks!
The tormentor calls on the powers of darkness!
The deep elf demonologist convulses!
The deep elf knight convulses!
The deep elf elementalist convulses!
The deep elf archer convulses!
The deep elf knight convulses!
The deep elf zephyrmancer convulses!
The deep elf annihilator convulses!
Your body is wracked with pain!
* * * LOW HITPOINT WARNING * * *
HP[-36]
You now have 148 max hp (+1).
You take 36 damage, and now have 27/148 hp.
MASSIVE DAMAGE!! (PAUSE)
The tormentor says, "You will wish to die when I get to you."
You see here a +0 long sword of flaming {long}.
HP[+1] MP[+1]
The deep elf knight casts a spell at you.
The shard of ice misses you.
The Executioner is engulfed in blazing flames.
Things that are here:
a +3 hand axe of venom {axe}; a scroll of teleportation {@r4}; 251 gold pieces The Executioner gestures.
The Executioner seems to speed up.
The ghostly deep elf sorcerer is engulfed in blazing flames. x2
The +4 antimagic halberd hits you but does no damage.
You see here a +0 long sword {long}.
HP[+1]
The Executioner is engulfed in blazing flames. x2
The Executioner is engulfed in blazing flames. x2
Some walls begin to move on their own!
You block the +4 antimagic halberd's attack.
You hear a shout!
MP[+1]
The Executioner is engulfed in blazing flames.
The ghostly deep elf sorcerer is engulfed in blazing flames.
Some walls begin to move on their own!
HP[+1]
The Executioner completely misses you. You block the Executioner's attack.
The Executioner barely misses you.
The +4 antimagic halberd is engulfed in blazing flames.
The Executioner hits you!
* * * LOW HITPOINT WARNING * * *
The Executioner hits you but does no damage.
The Executioner misses you.
HP[-10]
You take 10 damage, and now have 20/148 hp.
You hit the earth elemental. You punch the earth elemental.
You batter the fire elemental!! You hit the Executioner.
The Executioner closely misses you.
The Executioner completely misses you. x2
The Executioner hits you.
* * * LOW HITPOINT WARNING * * *
The Executioner hits you but does no damage. x2
You block the fire elemental's attack.
Some walls begin to move on their own!
The +4 antimagic halberd is engulfed in blazing flames.
The +4 antimagic halberd hits you from afar!!
You die...

Skill      XL: |  1  2  3  4  5  6  7  8  9 10 11 12 13 14 15 16 17 18 19 20 |
---------------+-------------------------------------------------------------+-----
Stealth        | 1 2 3 4 5 7 8 9 |  9.4
Shields        | 1 2 3 4 6 8 10 | 10.0
Unarmed Combat | 4 5 6 8 9 10 11 12 | 12.4
Fighting       | 2 3 5 6 7 8 11 12 13 | 13.0
Transmutations | 3 4 5 6 7 8 13 | 13.8
Spellcasting   | 3 6 |  6.7
Dodging        | 3 4 5 6 7 8 9 10 | 10.4
Ice Magic      | 2 3 5 6 7 |  7.7
Air Magic      | 8 13 14 15 | 15.8
Translocations | 5 11 15 | 15.0
Earth Magic    | 9 12 | 12.6

Action                   |  1- 3 |  4- 6 |  7- 9 | 10-12 | 13-15 | 16-18 | 19-21 || total
-------------------------+-------+-------+-------+-------+-------+-------+-------++-------
Melee: Unarmed           |    18 |       |   115 |   523 |   773 |   980 |   585 ||  2994
       Tentacles         |    15 |    23 |    48 |    13 |     1 |    17 |     6 ||   123
       Constrict         |    16 |    24 |    62 |     8 |       |     8 |     1 ||   119
       Short sword       |    60 |    98 |   221 |    46 |       |       |       ||   425
       Punch             |     1 |     3 |    11 |     3 |    25 |    90 |    73 ||   206
       Falchion          |       |       |       |    18 |       |       |       ||    18
       Spear             |       |       |       |       |     1 |     6 |       ||     7
 Cast: Spider Form       |       |       |    13 |    16 |       |       |       ||    29
       Ice Form          |       |       |       |    42 |    94 |    25 |       ||   161
       Frozen Ramparts   |       |       |       |       |     6 |       |       ||     6
       Swiftness         |       |       |       |       |     4 |     1 |     1 ||     6
       Storm Form        |       |       |       |       |    24 |   103 |    55 ||   182
       Manifold Assault  |       |       |       |       |       |    61 |    24 ||    85
       Statue Form       |       |       |       |       |       |     3 |     2 ||     5
       Lee's Rapid Decon |       |       |       |       |       |       |     5 ||     5
Invok: Curse Item        |       |       |       |     1 |     4 |     1 |       ||     6
 Abil: Blinkbolt         |       |       |       |       |     4 |     5 |     6 ||    15
       End Transformatio |       |       |       |       |     1 |       |       ||     1
Evoke: Phantom mirror    |       |       |       |     1 |       |     2 |     1 ||     4
  Use: Scroll            |       |       |    10 |    10 |     2 |     3 |     2 ||    27
       Potion            |       |       |     4 |     1 |     2 |     5 |     1 ||    13
 Stab: Sleeping          |     5 |     4 |    10 |    10 |    34 |     9 |     7 ||    79
       Distracted        |       |       |       |       |     2 |     5 |     1 ||     8
       Confused          |       |       |       |       |     1 |       |       ||     1
       Held in net/web   |       |       |       |       |       |     1 |       ||     1
       Petrified         |       |       |       |       |       |     7 |       ||     7
       Petrifying        |       |       |       |       |       |     1 |       ||     1
Armor: Skin              |    10 |    24 |    80 |   181 |   260 |   336 |   194 ||  1085
Dodge: Dodged            |    45 |    81 |   288 |   433 |   452 |   811 |   519 ||  2629
Block: Buckler           |       |       |    49 |    31 |     1 |    37 |     9 ||   127
       Other             |       |       |       |    73 |   140 |   163 |   132 ||   508
       Reflection        |       |       |       |     1 |     5 |    12 |    16 ||    34

Levels and vault maps discovered:
D:1:      dpeg_arrival_simpleton_b, layout_basic, kennysheep_decorative_pillar,
          minmay_unequal
D:2:      layout_basic, ebering_ecumenical_altar_abandoned,
          dreamdust_wishing_well, minmay_quadrilaterals
D:3:      lemuel_castle_with_subvaults [lemuel_castle_interior_carwin_3],
          layout_rooms, kennysheep_path_1
D:4:      kennysheep_spiral_hall, layout_basic, minmay_fractal_squares_5
D:5:      layout_basic
D:6:      layout_loops_ring, lemuel_coloured_pillars_altar, serial_bayou,
          serial_bayou_ford_a, serial_bayou_pond_a, serial_bayou_pond_e,
          serial_bayou_pond_c, uniq_blork_the_orc
D:7:      minmay_polygon_palace, layout_cave_pools, minmay_temple_entry_trees
D:8:      nicolae_whirlpool, layout_loops_cross, led_sif_pool, uniq_psyche
D:9:      layout_layer_cave, chequers_temple_overflow_statue_of_worship,
          orc_0_dummy, enter_bailey_3, serial_shops, shop
D:10:     layout_rooms, kennysheep_mini, nicolae_shop_unique_rings,
          minmay_microvault, uniq_grum
D:11:     lemuel_reptile_caves, layout_basic, lair_entry_dummy,
          gammafunk_ghost_smash
D:12:     layout_cave_pods, uniq_nergalle
D:13:     layout_rooms, serial_shops, shop
D:14:     kennysheep_six_static_rooms, layout_irregular_city,
          lightli_vaults_fourway_checkpoint, serial_bayou_pond_e
D:15:     grunt_enter_depths_snipers, layout_stronghold,
          hangedman_decor_clover_reticule, uniq_louise
Temple:   minmay_freezing_vapour_temple
Lair:1:   layout_layer_cave, nzn_sisyphean_effort, grunt_megastairs_2,
          lemuel_fruit_tree, lemuel_fruit_fields
Lair:2:   dreamdust_isle_of_ice, layout_regular_city, basic_altar,
          beast_lair_carwin_11
Lair:3:   layout_roguey, minmay_shoals_entry_beasts,
          nicolae_spider_entry_non_spiders, serial_bayou_pond_c, st_stairs_4,
          uniq_prince_ribbit2
Lair:4:   layout_misc_corridors, ebering_ghost_inner_flame, st_stairs_9,
          minivault_23, infiniplex_staircase_pool_2
Lair:5:   layout_regular_city, grunt_megastairs_1
Lair:6:   wormcave, layout_long_grid, guppyfry_lair_end_dragon, slime_altar_1,
          uniq_rupert
Shoals:1: argonaut_golden_fleece, layout_shoals
Shoals:2: layout_shoals, uniq_polyphemus
Shoals:3: layout_shoals, ebering_ghost_davey_jones, uniq_aizul
Shoals:4: shoals_end_simple, layout_shoals
Spider:1: layout_spider_delve
Spider:2: layout_cave_pods
Spider:3: layout_spider_delve
Spider:4: spider_rune_water, portal_ice_cave_entry_pillars_1, uniq_agnes
Slime:1:  layout_caves
Slime:2:  layout_caves
Orc:1:    layout_caves, gammafunk_ghost_berserking_beasts, serial_shops, shop
Orc:2:    st_orc_town, layout_caves, enter_volcano_3, uniq_azrael
Elf:1:    nicolae_elf_arrival_aired_out, layout_geoelf_grid, minivault_28,
          orc_legates
Elf:2:    nicolae_elf_blades_crystal_corner, layout_gridlike, serial_shops,
          nicolae_stop_n_shop_2
Elf:3:    minmay_elf_hall_dome, layout_geoelf_grid,
          roderic_lattice_octagonal_star, uniq_mara, uniq_roxanne
Vaults:1: vaults_room_hallway, hangedman_vaults_trim, v_rooms_3,
          vaults_room_octagon, hangedman_vaults_nodes, vaults_mumra_hex,
          ontoclasm_vaults_idyll, hangedman_vaults_stretched_pinwheel,
          v_misc_26, grunt_vaults_hallway_short, vaults_room_octagon,
          ontoclasm_vaults_loading_screen, nicolae_vaults_network_s,
          ontoclasm_vaults_gateway, layout_vaults_maze_bifur, uniq_asterion

Notes
Turn   | Place    | Note
-------+----------+-------------------------------------------
     0 | D:1      | zeratav the Octopode Transmuter began the quest for the
                  | Orb.
     0 | D:1      | Reached XP level 1. HP: 13/13 MP: 3/3
     0 | D:1      | magus.rc [v1.9.6]
    51 | D:1      | Reached XP level 2. HP: 13/18 MP: 5/5
   369 | D:1      | HP: 2/18 [frozen (5)]
   664 | D:1      | Reached XP level 3. HP: 23/23 MP: 6/6
   791 | D:1      | Reached skill level 1 in Stealth
  1486 | D:2      | Found a faded altar of an unknown god.
  1491 | D:2      | Reached skill level 1 in Shields
  1492 | D:2      | Reached XP level 4. HP: 28/28 MP: 7/7
  1493 | D:2      | You pick up a book of Air and begin reading...
  1493 | D:2      | You add the spells Shock, Swiftness and Airstrike to your
                  | library.
  2320 | D:3      | Noticed an ogre
  2433 | D:3      | Killed an ogre
  2434 | D:3      | Reached skill level 2 in Stealth
  2434 | D:3      | Reached skill level 4 in Unarmed Combat
  2434 | D:3      | Reached XP level 5. HP: 10/34 MP: 8/8
  2773 | D:3      | You pick up a book of Party Tricks and begin reading...
  2773 | D:3      | You add the spells Apportation and Alistair's Intoxication
                  | to your library.
  2846 | D:3      | Reached XP level 6. HP: 34/39 MP: 10/10
  2894 | D:3      | Reached skill level 2 in Fighting
  2937 | D:3      | Reached skill level 3 in Transmutations
  2948 | D:3      | Reached skill level 3 in Stealth
  2948 | D:3      | Reached skill level 2 in Shields
  2948 | D:3      | Reached skill level 3 in Spellcasting
  3010 | D:3      | Reached XP level 7. HP: 26/45 MP: 11/11
  3268 | D:3      | Reached skill level 3 in Dodging
  3297 | D:3      | HP: 6/45 [orc/+0 flail (8)]
  3304 | D:3      | HP: 1/45 [orc/+0 flail (6)]
  3710 | D:3      | HP: 10/45 [gnoll/+0 spear (3)]
  3721 | D:3      | HP: 5/45 [gnoll/+0 spear (2)]
  3724 | D:3      | Reached skill level 5 in Unarmed Combat
  4051 | D:3      | Learned a level 3 spell: Spider Form
  4756 | D:4      | Reached skill level 4 in Stealth
  4756 | D:4      | Reached XP level 8. HP: 51/51 MP: 13/13
  4998 | D:4      | You pick up a book of Geomancy and begin reading...
  4998 | D:4      | You add the spells Sandblast, Passwall and Stone Arrow to
                  | your library.
  5225 | D:5      | Entered Level 5 of the Dungeon
  5230 | D:5      | Reached skill level 3 in Fighting
  5315 | D:5      | Noticed a shadow
  5470 | D:5      | HP: 10/52 [something (24)]
  5472 | D:5      | Killed a shadow
  5473 | D:5      | Reached skill level 3 in Shields
  5473 | D:5      | Reached skill level 1 in Ice Magic
  5742 | D:5      | Reached skill level 4 in Transmutations
  5746 | D:5      | Reached skill level 6 in Unarmed Combat
  5967 | D:5      | Reached skill level 4 in Dodging
  6112 | D:5      | Reached skill level 5 in Stealth
  6287 | D:5      | Reached skill level 2 in Ice Magic
  6287 | D:5      | Reached XP level 9. HP: 51/58 MP: 14/14
  6795 | D:6      | Reached skill level 4 in Fighting
  7436 | D:6      | Reached skill level 4 in Shields
  7696 | D:6      | Reached skill level 7 in Unarmed Combat
  7758 | D:6      | Noticed Blork the orc
  7771 | D:6      | Killed Blork the orc
  7983 | D:6      | Found a basalt altar of Yredelemnul.
  8120 | D:7      | Found a staircase to the Ecumenical Temple.
  8135 | D:7      | Reached skill level 5 in Transmutations
  8136 | D:7      | HP: 12/59 [poisoned by a water moccasin]
  8137 | D:7      | HP: 5/59 [poisoned by a water moccasin]
  8138 | D:7      | HP: 1/59 [poisoned by a water moccasin]
  8143 | D:7      | HP: 10/59 [poisoned by a water moccasin]
  8147 | D:7      | Reached skill level 3 in Ice Magic
  8148 | D:7      | HP: 6/59 [poisoned by a water moccasin]
  8657 | Temple   | Entered the Ecumenical Temple
  8710 | D:7      | You pick up a book of Blood and begin reading...
  8710 | D:7      | You add the spells Sublimation of Blood and Summon Hydra to
                  | your library.
  9070 | D:7      | Reached skill level 5 in Dodging
  9375 | D:7      | HP: 13/59 [water moccasin (8)]
  9377 | D:7      | HP: 6/59 [poisoned by a water moccasin]
  9394 | D:7      | HP: 12/58 [howler monkey (4)]
  9567 | D:7      | Reached skill level 8 in Unarmed Combat
  9587 | D:7      | Reached skill level 5 in Fighting
  9587 | D:7      | Reached XP level 10. HP: 66/66 MP: 15/15
  9882 | D:7      | Reached skill level 4 in Ice Magic
 10155 | D:8      | Learned a level 4 spell: Ice Form
 10347 | D:8      | Reached skill level 6 in Transmutations
 10416 | D:8      | HP: 16/66 [centaur/arrow (1)]
 10417 | D:8      | HP: 3/66 [centaur/arrow (8)]
 10841 | D:8      | Found a shimmering blue altar of Sif Muna.
 10900 | D:8      | Noticed Psyche
 10918 | D:8      | Killed Psyche
 10919 | D:8      | Reached skill level 6 in Dodging
 11124 | D:8      | Identified the +1 ring mail of the Three of Wands {Rampage
                  | rN+ Slay-6}
 11255 | D:8      | Reached skill level 9 in Unarmed Combat
 12541 | D:9      | Learned a level 2 spell: Passwall
 12554 | D:9      | Found Mihoiprom's Jewellery Shop.
 12561 | D:9      | Found a flagged portal.
 12595 | Bailey   | Entered a bailey
 12605 | Bailey   | Reached skill level 6 in Fighting
 12663 | Bailey   | Noticed an orc sorcerer
 12670 | Bailey   | HP: 16/68 [something/bolt of fire (31)]
 12673 | Bailey   | HP: 7/68 [electric eel/bolt of electricity (9)]
 13069 | Bailey   | Reached skill level 5 in Ice Magic
 13272 | Bailey   | Acquired 946 gold pieces
 13542 | Bailey   | Noticed an orc knight
 13579 | Bailey   | Found an iron altar of Okawaru.
 13581 | Bailey   | Noticed a kobold demonologist
 13873 | Bailey   | Killed a kobold demonologist
 13874 | Bailey   | Reached XP level 11. HP: 72/72 MP: 16/16
 14088 | D:9      | Bought a +4 ring of slaying for 1170 gold pieces
 14088 | D:9      | Bought an amulet of reflection for 450 gold pieces
 14297 | D:9      | Found a staircase to the Orcish Mines.
 14298 | D:9      | Found a broken altar of Ashenzari.
 14299 | D:9      | Found a glowing silver altar of Zin.
 14299 | D:9      | Found an ancient bone altar of Kikubaaqudgha.
 14299 | D:9      | Found a hide-covered altar of Uskayaw.
 14613 | D:9      | Identified the +0 robe "Botilunu" {Will++ Int+3}
 15030 | D:9      | Reached skill level 10 in Unarmed Combat
 15041 | D:9      | Reached skill level 6 in Stealth
 15616 | D:10     | Entered Level 10 of the Dungeon
 15706 | D:10     | Noticed a two-headed ogre
 15726 | D:10     | Killed a two-headed ogre
 15727 | D:10     | Reached skill level 7 in Dodging
 15727 | D:10     | Reached skill level 7 in Transmutations
 15781 | D:10     | Noticed a centaur warrior
 15792 | D:10     | HP: 22/88 [centaur warrior (2)]
 15796 | D:10     | Killed a centaur warrior
 15798 | D:10     | HP: 10/88 [yak (10)]
 15810 | D:10     | Reached skill level 6 in Ice Magic
 16131 | D:10     | Noticed Grum
 16148 | D:10     | HP: 22/88 [Grum/+1 glaive of flaming (6)]
 16149 | D:10     | Killed Grum
 16150 | D:10     | Reached skill level 7 in Stealth
 16411 | D:10     | Noticed a two-headed ogre
 16422 | D:10     | Killed a two-headed ogre
 16423 | D:10     | Reached skill level 7 in Fighting
 16433 | D:10     | Found a radiant altar of Vehumet.
 16524 | D:9      | Became a worshipper of Ashenzari the Shackled
 16559 | D:10     | Found Wuetam's One-of-a-Kind Rings.
 16862 | D:11     | Noticed a manticore
 16870 | D:11     | Killed a manticore
 16871 | D:11     | Reached XP level 12. HP: 51/81 MP: 13/17
 17130 | D:11     | Reached skill level 5 in Shields
 17249 | D:11     | You pick up a book of Changes and begin reading...
 17349 | D:11     | Noticed a two-headed ogre
 17349 | D:11     | Noticed fabreeze's ghost (journeyman OgAE)
 17380 | D:11     | Noticed a two-headed ogre
 17382 | D:11     | Noticed a two-headed ogre
 17396 | D:11     | Found a transporter.
 17398 | D:11     | Noticed a two-headed ogre
 17400 | D:11     | Identified the +8 dire flail of the Hated {protect, rElec
                  | Str+4 Int+5 Dex-2}
 17400 | D:11     | Identified the +8 dire flail of Xuol {vorpal, rPois Int-3
                  | Stlth+}
 17400 | D:11     | Noticed a two-headed ogre
 17438 | D:11     | Noticed a boulder beetle
 17456 | D:11     | Killed a boulder beetle
 17457 | D:11     | Reached skill level 11 in Unarmed Combat
 17792 | D:11     | Reached skill level 8 in Stealth
 17953 | D:11     | Found a staircase to the Lair.
 18024 | Lair:1   | Entered Level 1 of the Lair of Beasts
 18318 | Lair:1   | Reached skill level 8 in Dodging
 18318 | Lair:1   | Reached skill level 8 in Transmutations
 18321 | Lair:1   | Reached skill level 7 in Ice Magic
 18448 | Lair:1   | You pick up a book of Geomancy and begin reading...
 18705 | Lair:1   | Noticed a boulder beetle
 18720 | Lair:1   | Killed a boulder beetle
 18721 | Lair:1   | Reached skill level 6 in Shields
 19363 | D:10     | Bought the ring "Gashrax" {rElec rF+ rC+ rN++} for 621 gold
                  | pieces
 19826 | Lair:2   | Reached skill level 8 in Fighting
 19853 | Lair:2   | Found an iron altar of Okawaru.
 20047 | Lair:2   | Reached XP level 13. HP: 89/89 MP: 14/18
 20107 | Lair:2   | Reached skill level 12 in Unarmed Combat
 20345 | Lair:2   | Reached skill level 9 in Stealth
 20726 | Lair:2   | HP: 26/106 [ice devil (3)]
 21171 | Lair:2   | Identified a +1 crystal plate armour of cold resistance
 21172 | Lair:2   | G - a +1 crystal plate armour of cold resistance {rare=g}
 21175 | Lair:2   | You pick up a book of Rime and begin reading...
 21175 | Lair:2   | You add the spells Frozen Ramparts and Summon Ice Beast to
                  | your library.
 21178 | Lair:2   | You drop a +1 crystal plate armour of cold resistance
                  | {rare=g}.
 21304 | Lair:2   | G - a +1 crystal plate armour of cold resistance {rare=g}
 21749 | Lair:3   | You add the spells Blink, Manifold Assault and Storm Form
                  | to your library.
 21770 | Lair:3   | Learned a level 3 spell: Frozen Ramparts
 21798 | Lair:3   | Found a hole to the Spider Nest.
 21828 | Lair:3   | Reached skill level 1 in Air Magic
 21842 | Lair:3   | Reached skill level 2 in Air Magic
 22220 | Lair:3   | Reached * piety under Ashenzari
 22248 | Lair:3   | Reached skill level 3 in Air Magic
 22317 | Lair:3   | Found a staircase to the Shoals.
 22330 | Lair:3   | Reached skill level 4 in Air Magic
 22605 | Lair:3   | Noticed Prince Ribbit
 22614 | Lair:3   | Killed Prince Ribbit
 22620 | Lair:3   | Reached skill level 5 in Air Magic
 22727 | Lair:3   | You pick up a book of Callings and begin reading...
 22727 | Lair:3   | You add the spells Summon Small Mammal, Call Canine
                  | Familiar and Summon Guardian Golem to your library.
 23026 | Lair:3   | Learned a level 3 spell: Swiftness
 23314 | Lair:4   | Reached skill level 6 in Air Magic
 23509 | Lair:4   | Reached skill level 7 in Air Magic
 24179 | Lair:4   | Found a runed translucent door.
 24183 | Lair:4   | Noticed Laraso's ghost (journeyman TrMo)
 24527 | Lair:5   | Reached skill level 8 in Air Magic
 24557 | Lair:5   | Reached XP level 14. HP: 98/98 MP: 17/21
 25194 | Lair:5   | Reached skill level 9 in Air Magic
 25601 | Lair:6   | Entered Level 6 of the Lair of Beasts
 26003 | Lair:6   | Reached skill level 10 in Air Magic
 26816 | D:12     | HP: 27/117 [titanic slime creature (73)]
 27139 | D:12     | Noticed Nergalle
 27154 | D:12     | Killed Nergalle
 27155 | D:12     | Reached skill level 11 in Air Magic
 27156 | D:12     | HP: 28/117 [poisoned by an orc wizard]
 27159 | D:12     | HP: 13/117 [poisoned by an orc wizard]
 27164 | D:12     | HP: 7/117 [poisoned by an orc wizard]
 27563 | D:12     | You drop a +1 crystal plate armour of cold resistance
                  | {rare=g}.
 27912 | D:13     | Found Golleofo's Antique Armour Shop.
 27934 | D:13     | Identified the +3 kite shield "Egihe" {Harm Str+3 Dex+4}
 28136 | D:13     | Identified the +2 falchion of Paydak {protect, Will- Dex+6}
 28413 | D:14     | Found a gate to the Vaults.
 28444 | D:14     | Reached skill level 12 in Air Magic
 28474 | D:13     | HP: 22/117 [something/bolt of magma (18)]
 29206 | D:14     | Identified the ring of Lufraxkaq {Fly rPois Dex+6}
 29239 | D:14     | Reached skill level 13 in Air Magic
 29983 | D:14     | Reached XP level 15. HP: 100/103 MP: 17/22
 30118 | D:14     | Reached skill level 9 in Transmutations
 31065 | D:15     | Entered Level 15 of the Dungeon
 31095 | D:15     | Noticed Louise
 31140 | D:15     | Reached skill level 10 in Transmutations
 31141 | D:15     | Found a staircase to the Depths.
 31505 | D:15     | Learned a level 7 spell: Storm Form
 31823 | D:15     | Reached ** piety under Ashenzari
 31844 | D:15     | Reached skill level 11 in Transmutations
 32476 | D:15     | You pick up a book of Burglary and begin reading...
 32867 | Spider:1 | Entered Level 1 of the Spider Nest
 32878 | Spider:1 | Reached skill level 12 in Transmutations
 32947 | Spider:1 | You pick up a book of Displacement and begin reading...
 32947 | Spider:1 | You add the spells Lesser Beckoning, Gell's Gravitas and
                  | Teleport Other to your library.
 33399 | Spider:1 | You pick up a book of Changes and begin reading...
 33433 | Spider:1 | Gained mutation: You sometimes lose the ability to read
                  | scrolls when taking damage. [mutagenic glow]
 33504 | Spider:1 | Lost mutation: You sometimes lose the ability to read
                  | scrolls when taking damage. [potion of mutation]
 33504 | Spider:1 | Gained mutation: You are somewhat resistant to further
                  | mutation. [potion of mutation]
 34195 | Spider:2 | Reached skill level 13 in Transmutations
 34979 | Spider:2 | You pick up a book of Minor Magic and begin reading...
 34979 | Spider:2 | You add the spells Magic Dart, Call Imp and Mephitic Cloud
                  | to your library.
 35275 | Spider:3 | Reached XP level 16. HP: 90/112 MP: 20/24
 35402 | Spider:3 | Reached skill level 9 in Fighting
 35456 | Spider:3 | You pick up a book of the Wilderness and begin reading...
 35456 | Spider:3 | You add the spells Summon Forest, Summon Mana Viper and
                  | Summon Cactus Giant to your library.
 35584 | Spider:3 | Reached *** piety under Ashenzari
 36194 | Spider:4 | Entered Level 4 of the Spider Nest
 36195 | Spider:4 | Noticed Agnes
 36232 | Spider:4 | Found a frozen archway.
 36256 | Spider:4 | Reached skill level 10 in Fighting
 36278 | IceCv    | Entered an ice cave
 36884 | IceCv    | Reached skill level 11 in Fighting
 36897 | IceCv    | HP: 31/142 [anaconda simulacrum (11)]
 37285 | IceCv    | Noticed an Ice Fiend
 37285 | IceCv    | Noticed an Ice Fiend
 37657 | IceCv    | Killed an Ice Fiend
 37977 | IceCv    | HP: 33/144 [Ice Fiend/bolt of cold (7)]
 38301 | IceCv    | HP: 34/144 [??? (21)]
 38303 | IceCv    | HP: 8/144 [Ice Fiend (15)]
 38303 | IceCv    | HP: 3/144 [Ice Fiend (5)]
 38308 | IceCv    | Killed an Ice Fiend
 38859 | Spider:4 | Reached skill level 1 in Translocations
 38967 | Spider:4 | Reached skill level 4 in Spellcasting
 38976 | Spider:4 | Reached skill level 2 in Translocations
 38986 | Spider:4 | HP: 25/122 [radroach (39)]
 39030 | Spider:4 | Killed Agnes
 39247 | Spider:4 | Reached skill level 3 in Translocations
 39452 | Spider:4 | Reached skill level 5 in Spellcasting
 39478 | Spider:4 | Reached skill level 4 in Translocations
 39598 | Spider:4 | Reached skill level 5 in Translocations
 39711 | Spider:4 | Reached skill level 6 in Spellcasting
 39763 | Spider:4 | You pick up a book of Armaments and begin reading...
 39817 | Spider:4 | Identified the +0 pair of gloves of Good Intentions {Str+2}
 39837 | Spider:4 | Reached XP level 17. HP: 127/127 MP: 30/30
 39844 | Spider:4 | Reached skill level 6 in Translocations
 39883 | Spider:4 | Got a gossamer rune of Zot
 40506 | Orc:1    | Entered Level 1 of the Orcish Mines
 40513 | Orc:1    | Learned a level 5 spell: Manifold Assault
 40553 | Orc:1    | Found a transporter.
 40563 | Orc:1    | Reached skill level 7 in Translocations
 40584 | Orc:1    | Found a transporter.
 40586 | Orc:1    | Identified the Guide on the Excruciating Compass
 40587 | Orc:1    | Noticed Yqeill's ghost (journeyman DjFE)
 40587 | Orc:1    | Identified the +0 pair of boots of Untold Secrets {rCorr}
 40757 | Orc:1    | Killed Yqeill's ghost
 40761 | Orc:1    | You add the spells Conjure Ball Lightning and Malign
                  | Gateway to your library.
 41232 | Orc:2    | Entered Level 2 of the Orcish Mines
 41232 | Orc:2    | Noticed Azrael
 41239 | Orc:2    | Killed Azrael
 41244 | Orc:2    | Reached skill level 8 in Translocations
 41251 | Orc:2    | Found a staircase to the Elven Halls.
 41292 | Orc:2    | Found a dark tunnel.
 41299 | Volcano  | Entered a volcano
 41552 | Volcano  | Found a radiant altar of Vehumet.
 41571 | Volcano  | Identified the +1 helmet of Terror {Harm Rampage *Corrode
                  | Int+4}
 41671 | Orc:1    | Found Olicexi's Magic Scroll Shoppe.
 41825 | Orc:2    | Reached skill level 9 in Translocations
 42067 | Orc:2    | Found Quoceeri's Antique Armour Boutique.
 42067 | Orc:2    | Found Fuelojia's Magic Scroll Emporium.
 42142 | Orc:2    | Found Fitzo's Book Emporium.
 42142 | Orc:2    | Found Detov's Antique Weapon Boutique.
 42797 | Orc:2    | Bought a book of the Earth for 468 gold pieces
 42797 | Orc:2    | You pick up a book of the Earth and begin reading...
 42797 | Orc:2    | You add the spells Leda's Liquefaction, Lee's Rapid
                  | Deconstruction and Statue Form to your library.
 42835 | Orc:2    | Learned a level 6 spell: Statue Form
 42876 | Elf:1    | Entered Level 1 of the Elven Halls
 42966 | Vaults:1 | Entered Level 1 of the Vaults
 43012 | Vaults:1 | HP: 36/165 [dire elephant (11)]
 43017 | Vaults:1 | HP: 5/165 [dire elephant (16)]
 43021 | Vaults:1 | Reached skill level 10 in Translocations
 43022 | Vaults:1 | HP: 22/165 [dire elephant (3)]
 43031 | Vaults:1 | HP: 29/165 [yaktaur/bolt[a vault warden] (16)]
 43449 | Vaults:1 | Reached skill level 7 in Shields
 43593 | Vaults:1 | Noticed a sphinx
 43596 | Vaults:1 | Killed a sphinx
 43603 | Vaults:1 | Reached skill level 11 in Translocations
 44099 | Vaults:1 | Reached skill level 8 in Shields
 44157 | Vaults:1 | You pick up a book of Burglary and begin reading...
 44290 | Vaults:1 | Reached XP level 18. HP: 108/134 MP: 27/32
 44312 | Vaults:1 | Noticed Asterion
 44317 | Vaults:1 | Killed Asterion
 44830 | Shoals:1 | Entered Level 1 of the Shoals
 44889 | Shoals:1 | Reached skill level 9 in Shields
 45011 | Shoals:1 | Reached skill level 12 in Translocations
 45064 | Shoals:1 | HP: 30/134 [merfolk/+0 trident (16)]
 45067 | Shoals:1 | HP: 1/134 [faun/+3 spear (18)]
 45072 | Shoals:1 | HP: 24/134 [faun/+0 spear (2)]
 46010 | Shoals:1 | You pick up a book of Party Tricks and begin reading...
 46501 | Shoals:1 | Identified the +2 animal skin of the Shifting Gods {Fly rN+
                  | Stlth+}
 46927 | Shoals:2 | Noticed Polyphemus
 46945 | Shoals:2 | Killed Polyphemus
 46946 | Shoals:2 | Reached skill level 10 in Shields
 47795 | Shoals:2 | Reached skill level 13 in Translocations
 47911 | Shoals:3 | Found a transporter.
 47911 | Shoals:3 | Found a transporter.
 47913 | Shoals:3 | Noticed ders's ghost (adept DjCj)
 47913 | Shoals:3 | Identified the ring of Noddyapt {rC+ Will+}
 47938 | Shoals:3 | Noticed Aizul
 47946 | Shoals:3 | Killed Aizul
 48028 | Shoals:3 | Killed ders's ghost
 48283 | Shoals:3 | Identified the +1 chain mail "Hiafoecw" {Dex+2}
 48689 | Shoals:3 | Reached skill level 14 in Translocations
 49072 | Shoals:4 | Entered Level 4 of the Shoals
 49413 | Shoals:4 | Reached skill level 15 in Translocations
 49425 | Shoals:4 | You add the spells Ignite Poison and Freezing Cloud to your
                  | library.
 49654 | Shoals:4 | Identified the +1 leather armour of Dithmenos's Esteem
                  | {Will+ Int+5}
 50034 | Shoals:4 | Reached skill level 14 in Air Magic
 50035 | Shoals:4 | Reached skill level 12 in Fighting
 50035 | Shoals:4 | Reached skill level 9 in Dodging
 50038 | Shoals:4 | Reached XP level 19. HP: 122/139 MP: 8/33
 50049 | Shoals:4 | Got a barnacled rune of Zot
 51277 | Lair:4   | Killed Laraso's ghost
 51467 | Lair:6   | You pick up a book of Alchemy and begin reading...
 51467 | Lair:6   | You add the spells Petrify and Irradiate to your library.
 51585 | Lair:6   | Found a staircase to the Slime Pits.
 51585 | Lair:6   | Found a viscous altar of Jiyva.
 51774 | Lair:6   | Noticed Rupert
 51784 | Lair:6   | Killed Rupert
 51957 | Lair:6   | Found a runed translucent door.
 52251 | Slime:1  | Entered Level 1 of the Pits of Slime
 52261 | Slime:1  | Reached skill level 15 in Air Magic
 52415 | Slime:1  | Reached skill level 1 in Earth Magic
 52685 | Slime:2  | Reached skill level 2 in Earth Magic
 52698 | Slime:2  | Reached skill level 3 in Earth Magic
 52699 | Slime:2  | HP: 31/141 [acid (5)]
 53210 | Slime:1  | HP: 32/141 [acid (8)]
 53212 | Slime:1  | Reached skill level 4 in Earth Magic
 53736 | Elf:1    | Paralysed by an air elemental for 1 turns
 53742 | Elf:1    | Paralysed by an air elemental for 1 turns
 53917 | Elf:1    | Reached skill level 5 in Earth Magic
 53958 | Elf:1    | Reached skill level 6 in Earth Magic
 54538 | Elf:1    | Reached skill level 7 in Earth Magic
 54666 | Elf:1    | Reached skill level 8 in Earth Magic
 54702 | Elf:1    | Found a runed translucent gate.
 54702 | Elf:1    | Found a runed translucent gate.
 54702 | Elf:1    | Found a runed translucent gate.
 54702 | Elf:1    | Found a runed translucent gate.
 54702 | Elf:1    | Found a runed translucent gate.
 54702 | Elf:1    | Identified the +14 crystal plate armour of Wu Jian's Favour
                  | {rC+++ Dex+6 Slay-3}
 54899 | Elf:1    | Found a runed translucent gate.
 54903 | Elf:1    | A - the +14 crystal plate armour of Wu Jian's Favour {rC+++
                  | Dex+6 Slay-3, rare=g}
 54907 | Elf:1    | You drop the +14 crystal plate armour of Wu Jian's Favour
                  | {rC+++ Dex+6 Slay-3, rare=g}.
 54920 | Elf:1    | +0 storm dragon scales {rare}; a storm dragon corpse
 54996 | Elf:2    | Reached skill level 9 in Earth Magic
 54996 | Elf:2    | Reached XP level 20. HP: 147/147 MP: 28/34
 55132 | Elf:2    | Reached skill level 10 in Earth Magic
 55429 | Elf:2    | Found Qeafur's Weapon Boutique.
 55670 | Elf:2    | Found a runed translucent gate.
 55671 | Elf:2    | Found a runed translucent gate.
 55671 | Elf:2    | Found a runed translucent gate.
 55694 | Elf:2    | a +0 quick blade {shortrare=g}; a +0 quick blade
                  | {shortrare=g}; a +0 leather armour
 55696 | Elf:2    | Reached skill level 11 in Earth Magic
 55723 | Elf:2    | A - a +0 quick blade {shortrare=g}
 55723 | Elf:2    | K - a +0 quick blade {shortrare=g}
 55725 | Elf:2    | You drop a +0 quick blade {shortrare=g}.
 55726 | Elf:2    | You drop a +0 quick blade {shortrare=g}.
 56191 | Elf:2    | A - a +0 quick blade {shortrare=g}
 56191 | Elf:2    | K - a +0 quick blade {shortrare=g}
 56369 | Elf:2    | You drop a +0 quick blade {shortrare=g}.
 56370 | Elf:2    | You drop a +0 quick blade {shortrare=g}.
 56422 | Elf:2    | Reached skill level 12 in Earth Magic
 56425 | Elf:2    | A - a +2 executioner's axe of pain {axerare=g}
 56502 | Elf:3    | Entered Level 3 of the Elven Halls
 56641 | Elf:3    | Noticed Mara
 56663 | Elf:3    | Killed Mara
 57048 | Elf:3    | Reached skill level 10 in Dodging
 57063 | Elf:3    | Identified the +8 scale mail of Fuhoz {-Cast Rampage Drain
                  | Will+++}
 57194 | Elf:3    | Identified Roxanne's Almanac of Earth
 57194 | Elf:3    | Noticed Roxanne
 57202 | Elf:3    | Learned a level 5 spell: Lee's Rapid Deconstruction
 57209 | Elf:3    | Killed Roxanne
 57997 | Elf:3    | HP: 25/147 [deep elf blademaster/+0 short sword (18)]
 57997 | Elf:3    | HP: 12/147 [+4 antimagic halberd (13)]
 58352 | Elf:3    | Reached skill level 13 in Fighting
 58358 | Elf:3    | Identified the +9 war axe of Denoirom {vorpal, Dex+6}
 58359 | Elf:3    | HP: 27/147 [???[a deep elf demonologist] (15)]
 58367 | Elf:3    | HP: 20/148 [Executioner[a deep elf annihilator] (10)]
 58368 | Elf:3    | Slain by a +4 antimagic halberd

Vanquished Creatures
  Mara (Elf:3)
  Rupert (Lair:6)
  The ghost of ders the Sorcerer, an adept DjCj of Ashenzari (Shoals:3)
  2 Ice Fiends (IceCv)
  3 deep elf blademasters
  Asterion (Vaults:1)
  4 acid blobs
  A kraken (Shoals:4)
  A sphinx (Vaults:1)
  Agnes (Spider:4)
  Polyphemus (Shoals:2)
  A storm dragon (Elf:1)
  A rockslime (Slime:1)
  An azure jelly (Slime:2)
  Roxanne (Elf:3)
  A vault warden (Vaults:1)
  2 emperor scorpions (Spider:4)
  2 ghost moths (Spider:4)
  5 deep elf sorcerers
  Aizul (Shoals:3)
  An orc warlord (Vaults:1)
  An iron dragon (Elf:1)
  2 deep elf elementalists (Elf:3)
  A broodmother (Spider:3)
  2 ironbound preservers (Vaults:1)
  3 quicksilver oozes
  2 stone giants
  The ghost of Laraso the Grappler, a journeyman TrMo (Lair:4)
  5 deep elf demonologists
  A very ugly thing (Vaults:1)
  2 ironbound thunderhulks (Vaults:1)
  Azrael (Orc:2)
  3 dire elephants (Vaults:1)
  3 spark wasps
  2 deep elf annihilators (Elf:3)
  4 entropy weavers
  6 merfolk impalers (Shoals:4)
  The ghost of Yqeill the Nimble, a journeyman DjFE of Makhleb (Orc:1)
  2 fire dragons
  5 merfolk javelineers
  5 deep elf death magi
  A spectral kraken (Shoals:3)
  A yaktaur captain (Vaults:1)
  2 deep elf high priests (Elf:3)
  4 ice dragons
  A rakshasa (D:15)
  4 vault guards (D:14)
  7 boulder beetles
  5 hydras
  A jorogumo (Spider:4)
  3 merfolk avatars
  2 ogre magi
  2 alligator snapping turtles (Shoals:4)
  8 centaur warriors
  A death knight (D:14)
  An anaconda (Lair:4)
  3 radroaches
  A catoblepas (Shoals:2)
  4 merfolk aquamancers (Shoals:4)
  2 ironbound frosthearts (Vaults:1)
  10 two-headed ogres
  2 satyrs
  3 death yaks (Shoals:2)
  3 tengu warriors
  23 dancing weapons
  2 orc high priests (Elf:1)
  Nergalle (D:12)
  23 deep elf knights
  2 sun moths
  11 sea snakes
  A skeletal warrior (D:15)
  4 steelbarb worms
  10 deep elf archers
  4 pharaoh ants (Spider:4)
  9 deep trolls (Vaults:1)
  A bog body (IceCv)
  A swamp dragon (Lair:6)
  5 orb spiders
  23 harpies
  2 phantasmal warriors (D:14)
  3 lindwurms
  3 orc knights
  An obsidian statue (IceCv)
  31 deep elf pyromancers
  19 deep elf zephyrmancers
  7 orc sorcerers
  An ironbound convoker (Vaults:1)
  A shining eye (Slime:1)
  13 ugly things
  8 moths of wrath
  14 wolf spiders
  12 manticores
  15 fauns
  10 cyclopes
  11 merfolk sirens
  8 elephants
  A molten gargoyle (Volcano)
  3 black mambas
  An eye of devastation (Slime:2)
  4 water nymphs
  A black mamba (shapeshifter) (D:12)
  6 vault sentinels (Vaults:1)
  2 gargoyles (Volcano)
  10 cane toads
  8 rime drakes
  An unseen horror (D:12)
  7 torpor snails
  8 komodo dragons
  Psyche (D:8)
  3 anaconda simulacra
  13 freezing wraiths
  A rime drake (shapeshifter) (Elf:1)
  A tengu conjurer (D:14)
  6 demonic crawlers
  3 efreet
  3 yaktaurs (Vaults:1)
  6 ice devils
  A kobold demonologist (Bailey)
  An entropy weaver simulacrum (IceCv)
  4 trolls
  A meliai (D:14)
  27 merfolk
  33 slime creatures
  4 tyrant leeches (Lair:6)
  Prince Ribbit (Lair:3)
  18 tarantellas
  14 hornets
  6 polar bears
  5 wind drakes
  5 dream sheep
  9 blink frogs
  8 snapping turtles
  13 jumping spiders
  A centaur simulacrum (D:15)
  A spriggan (shapeshifter) (D:15)
  16 culicivoras
  A shadow (D:5)
  5 air elementals
  3 wraiths
  2 dire elephant simulacra (IceCv)
  54 yaks
  9 water elementals
  4 wyverns
  7 fire bats (Volcano)
  4 steam dragons
  A death yak simulacrum (Lair:2)
  4 fire elementals
  48 redbacks
  6 basilisks
  3 minotaur simulacra (IceCv)
  Grum (D:10)
  5 vampire mosquitoes (D:14)
  13 wargs
  2 harpy simulacra (IceCv)
  2 acid dragons
  37 water moccasins
  2 swamp drakes (Lair:6)
  7 hell hounds (Orc:2)
  2 ice beasts
  An ettin simulacrum (IceCv)
  21 orc warriors
  2 sky beasts (D:7)
  5 black bears
  14 wolves
  6 ogres
  12 centaurs
  3 phantoms
  4 kobold brigands
  Blork the orc (D:6)
  15 bullfrogs
  4 gnoll sergeants
  2 necrophages
  3 deep troll simulacra (IceCv)
  11 wights
  8 scorpions
  A lindwurm simulacrum (IceCv)
  6 killer bees (D:10)
  10 electric eels
  4 howler monkeys
  8 lava snakes (Volcano)
  3 hounds
  A jelly (D:5)
  3 orc priests
  2 gnoll shamans
  10 iguanas
  41 orc wizards
  A troll simulacrum (Lair:2)
  5 spriggan simulacra
  49 gnolls
  22 adders
  A shadow imp (D:6)
  2 white imps
  3 worms
  3 dart slugs
  90 orcs
  9 ball pythons
  11 endoplasms
  7 giant cockroaches
  15 goblins
  15 hobgoblins
  12 jackals (D:3)
  5 quokkas
  3 bats
  6 frilled lizards
  32 kobolds
  4 rats
  3 ball lightnings (Shoals:3)
  2 bushes (Shoals:1)
  A tentacle (Shoals:4)
1416 creatures vanquished.

Vanquished Creatures (others)
  A merfolk impaler (Shoals:3)
  A deep elf knight (Elf:2)
  A wizard (D:14)
  A deep elf archer (Elf:3)
  3 deep elf pyromancers
  A spectral sea snake (Shoals:3)
  2 merfolk (Shoals:3)
  A spectral snapping turtle (Shoals:3)
  An orc priest (Elf:1)
  An orc (Elf:1)
  3 ball lightnings (Shoals:3)
  A bush (Shoals:1)
  33 fungi
  131 plants
  7 tentacles
188 creatures vanquished.

Grand Total: 1604 creatures vanquished

Table legend:
 A = Non-vault XP
 B = Vault XP
 C = Vault XP percentage of total XP
 D = Non-vault monster count
 E = Vault monster count
 F = Vault count percentage of total count
                 A         B        C        D         E       F
            +---------+---------+-------+---------+---------+-------
      Total |  260846 |  217082 |  45.4 |     804 |     614 |  43.3
            +---------+---------+-------+---------+---------+-------
        D:1 |      44 |       4 |   8.3 |      22 |       3 |  12.0
        D:2 |      40 |      44 |  52.4 |      17 |       5 |  22.7
        D:3 |     148 |     582 |  79.7 |      17 |      50 |  74.6
        D:4 |     201 |     203 |  50.2 |      17 |      11 |  39.3
        D:5 |    1186 |       0 |   0.0 |      15 |       0 |   0.0
        D:6 |     790 |      90 |  10.2 |      20 |       1 |   4.8
        D:7 |    1169 |    1349 |  53.6 |      19 |      18 |  48.6
        D:8 |    1794 |     706 |  28.2 |      29 |       4 |  12.1
        D:9 |    1936 |       6 |   0.3 |      25 |       4 |  13.8
       D:10 |    4742 |    1366 |  22.4 |      32 |       5 |  13.5
       D:11 |    3484 |    3207 |  47.9 |      24 |      36 |  60.0
       D:12 |    6585 |     781 |  10.6 |      25 |       1 |   3.8
       D:13 |    2797 |     849 |  23.3 |       5 |       1 |  16.7
       D:14 |   11069 |    9706 |  46.7 |      28 |      17 |  37.8
       D:15 |   13665 |    2711 |  16.6 |      23 |       3 |  11.5
     Lair:1 |    5831 |     961 |  14.1 |      20 |       2 |   9.1
     Lair:2 |    3725 |    4938 |  57.0 |      16 |      21 |  56.8
     Lair:3 |    3538 |    3469 |  49.5 |      11 |      16 |  59.3
     Lair:4 |    6623 |    2183 |  24.8 |      23 |       3 |  11.5
     Lair:5 |    2298 |    1278 |  35.7 |       7 |       8 |  53.3
     Lair:6 |    6283 |   12669 |  66.8 |      24 |      38 |  61.3
   Shoals:1 |   15434 |    1813 |  10.5 |      31 |       2 |   6.1
   Shoals:2 |    3695 |    4713 |  56.1 |       8 |       5 |  38.5
   Shoals:3 |   17304 |    3297 |  16.0 |      34 |       5 |  12.8
   Shoals:4 |   16456 |   19588 |  54.3 |      31 |      35 |  53.0
   Spider:1 |    9213 |       0 |   0.0 |      26 |       0 |   0.0
   Spider:2 |    6135 |       0 |   0.0 |      16 |       0 |   0.0
   Spider:3 |   11744 |       0 |   0.0 |      27 |       0 |   0.0
   Spider:4 |   18104 |   19867 |  52.3 |      50 |      43 |  46.2
    Slime:1 |   10167 |       0 |   0.0 |      20 |       0 |   0.0
    Slime:2 |    7541 |       0 |   0.0 |       7 |       0 |   0.0
      Orc:1 |    2553 |    3067 |  54.6 |      19 |      10 |  34.5
      Orc:2 |    1197 |    6720 |  84.9 |      11 |      62 |  84.9
      Elf:1 |    9633 |   24346 |  71.7 |      21 |      44 |  67.7
      Elf:2 |   16219 |   23646 |  59.3 |      26 |      31 |  54.4
      Elf:3 |   15096 |   24780 |  62.1 |      22 |      19 |  46.3
   Vaults:1 |   22407 |   17965 |  44.5 |      36 |      24 |  40.0
     Bailey |       0 |    1400 | 100.0 |       0 |      30 | 100.0
      IceCv |       0 |   13705 | 100.0 |       0 |      34 | 100.0
    Volcano |       0 |    5073 | 100.0 |       0 |      23 | 100.0
            +---------+---------+-------+---------+---------+-------

Illustrated notes

Table legend:
 A = Kills in this place as a percentage of kills in entire the game.
 B = Kills by you in this place as a percentage of kills by you in the entire game.
 C = Kills by friends in this place as a percentage of kills by friends in the entire game.
 D = Other kills in this place as a percentage of other kills in the entire game.
 E = Experience gained in this place as a percentage of experience gained in the entire game.
 F = Experience gained in this place divided by the number of levels of this place that you have seen.
                   A       B       C       D       E      F
               +-------+-------+-------+-------+-------+----------------------
         Total | 100.0 | 100.0 |   N/A | 100.0 | 100.0 | 11656.8
       Dungeon |  33.6 |  33.8 |   N/A |  12.5 |  14.9 | 4750.3
          Lair |  13.3 |  13.4 |   N/A |   0.0 |  11.3 | 8966.0
        Shoals |  10.6 |  10.6 |   N/A |  25.0 |  17.2 | 20575.0
   Spider Nest |  11.4 |  11.5 |   N/A |   0.0 |  13.6 | 16265.8
    Slime Pits |   1.9 |   1.9 |   N/A |   0.0 |   3.7 | 8854.0
  Orcish Mines |   7.2 |   7.2 |   N/A |   0.0 |   2.8 | 6768.5
   Elven Halls |  11.5 |  11.2 |   N/A |  62.5 |  23.8 | 37906.7
        Vaults |   4.2 |   4.3 |   N/A |   0.0 |   8.4 | 40372.0
        Bailey |   2.1 |   2.1 |   N/A |   0.0 |   0.3 | 1400.0
      Ice Cave |   2.4 |   2.4 |   N/A |   0.0 |   2.9 | 13705.0
       Volcano |   1.6 |   1.6 |   N/A |   0.0 |   1.1 | 5073.0
               +-------+-------+-------+-------+-------+----------------------

Table legend: (Time is in decaauts)
 A = Elapsed time spent in this place.
 B = Non-inter-level travel time spent in this place.
 C = Inter-level travel time spent in this place.
 D = Time resting spent in this place.
 E = Time spent auto-exploring this place.
 F = Levels seen in this place.
 G = Mean time per level.
                   A        B        C        D        E       F      G
               +--------+--------+--------+--------+--------+-----+--------+
         Total |  57987 |  54099 |   3888 |  20219 |  19744 |  41 | 1414.3 |
       Dungeon |  23480 |  22153 |   1327 |   8780 |   7858 |  15 | 1565.3 |
        Temple |      3 |      3 |      0 |      0 |      0 |   1 |    3.0 |
          Lair |   9278 |   8458 |    820 |   2435 |   4299 |   6 | 1546.3 |
        Shoals |   6309 |   5751 |    558 |   2103 |   2509 |   4 | 1577.2 |
   Spider Nest |   4938 |   4490 |    448 |    866 |   1905 |   4 | 1234.5 |
    Slime Pits |   1340 |   1283 |     57 |    800 |    185 |   2 |  670.0 |
  Orcish Mines |   2023 |   1793 |    230 |    133 |   1166 |   2 | 1011.5 |
   Elven Halls |   4600 |   4393 |    207 |   1971 |   1114 |   3 | 1533.3 |
        Vaults |   1696 |   1457 |    239 |    317 |    631 |   1 | 1696.0 |
        Bailey |   1476 |   1476 |      0 |    729 |      0 |   1 | 1476.0 |
      Ice Cave |   2497 |   2497 |      0 |   1999 |     77 |   1 | 2497.0 |
       Volcano |    342 |    342 |      0 |     85 |      0 |   1 |  342.0 |
               +--------+--------+--------+--------+--------+-----+--------+

Top non-repeatable levels by time:
   IceCv: 2497 daAuts
     D:8: 2371 daAuts
Shoals:1: 2099 daAuts
    D:11: 2071 daAuts
Shoals:4: 2008 daAuts
  Lair:2: 1985 daAuts
     D:6: 1941 daAuts
    D:14: 1933 daAuts
   Elf:3: 1842 daAuts
     D:2: 1804 daAuts
  Lair:1: 1750 daAuts
     D:7: 1740 daAuts
     D:9: 1728 daAuts
Vaults:1: 1696 daAuts
    D:15: 1660 daAuts
